 Dungeon Crawl Stone Soup version 0.19.5 (webtiles) character file.

104 JeffiDaFish the Shield-Bearer (level 4, 0/28 HPs)
             Began as a Gargoyle Fighter on Mar 8, 2017.
             Slain by an iron imp (4 damage)
             ... summoned by Natasha
             ... on level 2 of the Dungeon.
             The game lasted 00:03:09 (1212 turns).

JeffiDaFish the Shield-Bearer (Gargoyle Fighter)    Turns: 1212, Time: 00:03:10

Health: 0/28       AC: 10    Str: 20    XL:     4   Next: 80%
Magic:  4/4        EV:  7    Int:  8    God:
Gold:   70         SH:  9    Dex: 10    Spells: 0 memorised, 3 levels left

rFire  . . .     SeeInvis .     a - +0 flail
rCold  . . .     Gourm    .     b - +0 scale mail
rNeg   + . .     Faith    .     c - +0 shield
rPois  ∞         Spirit   .     (no helmet)
rElec  +         Reflect  .     (no cloak)
rCorr  .         Harm     .     (no gloves)
MR     .....                    (no boots)
Stlth  ..........               (no amulet)
                                (no ring)
                                (no ring)

@: no status effects
A: negative energy resistance 1, electricity resistance, unbreathing,
petrification resistance, rot immunity, AC +3
a: no special abilities


You were on level 2 of the Dungeon.
You were not hungry.

You visited 1 branch of the dungeon, and saw 2 of its levels.

You collected 70 gold pieces.

Inventory:

Hand Weapons
 a - a +0 flail (weapon)
Armour
 b - a +0 scale mail (worn)
 c - a +0 shield (worn)
Scrolls
 j - a scroll of identify
Potions
 d - a potion of might
 e - a potion of curing
Comestibles
 f - a bread ration
 g - 9 chunks of flesh
 h - a meat ration
 i - a slice of pizza
 k - a fruit


   Skills:
 + Level 3.5 Fighting
 + Level 3.3 Maces & Flails
 + Level 3.7 Armour
 + Level 0.5 Dodging
 + Level 0.2 Stealth
 + Level 4.2 Shields


You had 3 spell levels left.
You didn't know any spells.

Dungeon Overview and Level Annotations

Branches:
Dungeon (2/15)

Altars:

Annotations:
D:2 Natasha


Innate Abilities, Weirdness & Mutations

You are resistant to torment.
Your stone body is resilient. (AC +3)
You are immune to poison.
You resist negative energy. (rN+)
You are resistant to electric shocks. (rElec)
You can survive without breathing.
You are immune to petrification.
You are immune to rotting.


Message History

You closely miss Natasha.
Natasha is heavily wounded.
You block Natasha's attack. Natasha claws you but does no damage.
Your shield and scale mail prevent you from hitting Natasha.
Natasha is heavily wounded.
Natasha claws you but does no damage.
You closely miss Natasha.
Natasha is heavily wounded.
Natasha casts a spell.
You completely miss Natasha.
Natasha is heavily wounded.
Natasha stares at you and mumbles some strange words.
The magic dart hits you!
You closely miss Natasha.
Natasha is heavily wounded.
Natasha casts a spell at you. The magic dart hits you!
* * * LOW HITPOINT WARNING * * *
Natasha claws you but does no damage. The iron imp hits you.
You die...

#........##
########........#
#..........######
#..........# ##
#..........###########.
#..........##.÷.<......
#...........#.###......
##...........#)#...#####
#......@5........###
#......h........##
#..###...###.#### **
#..* #...# #.#*********,
#.,**#...#*#.#,,,,,,,,,,
*,,,,.....,.,,,*********
**,,,.....,.,,,,,,,,,,,,
*,,.......,,,**********
*,***,,,***,,*


You could see an iron imp and Natasha.

Vanquished Creatures
  Natasha (D:2)
  Ijyb (D:2)
  A dart slug (D:1)
  2 leopard geckos
  A giant cockroach (D:1)
  10 goblins
  7 hobgoblins
  5 jackals
  7 bats
  2 frilled lizards
  4 kobolds
  7 rats
48 creatures vanquished.

Notes
Turn   | Place    | Note
-------+----------+-------------------------------------------
     0 | D:1      | JeffiDaFish the Gargoyle Fighter began the quest for the Orb.
     0 | D:1      | Reached XP level 1. HP: 14/14 MP: 1/1
   179 | D:1      | Reached XP level 2. HP: 19/19 MP: 2/2
   619 | D:1      | Reached XP level 3. HP: 23/23 MP: 3/3
   962 | D:2      | Reached skill level 4 in Shields
   996 | D:2      | Noticed Natasha
  1002 | D:2      | Killed Natasha
  1002 | D:2      | Reached XP level 4. HP: 22/28 MP: 4/4
  1040 | D:2      | Noticed Ijyb
  1076 | D:2      | Killed Ijyb
  1199 | D:2      | Noticed Natasha
  1212 | D:2      | Slain by an iron imp

Skill      XL: |  1  2  3 |
---------------+----------+-----
Shields        | 4 |  4.2
Maces & Flails | 3 |  3.3
Fighting       | |  3.5
Armour         | |  3.7
Dodging        | |  0.5
Stealth        | |  0.2

Action                   |  1- 3 |  4- 6 || total
-------------------------+-------+-------++-------
Melee: Flail             |   144 |    77 ||   221
  Use: Scroll            |     3 |     1 ||     4
       Potion            |     5 |       ||     5
  Eat: Chunk             |     1 |     1 ||     2
Armor: Scale mail        |    96 |    39 ||   135
Dodge: Dodged            |    51 |    17 ||    68
Block: Shield            |    85 |    40 ||   125
